 Dungeon Crawl Stone Soup version 0.21-a0-210-gbfa5647 (webtiles) character file.

835 Gorglomux the Cleaver (level 7, -5/57 HPs)
             Began as a Hill Orc Abyssal Knight on Aug 21, 2017.
             Was a Priest of Lugonu.
             Slain by a gnoll sergeant
             ... wielding a +2 vampiric trident
              (9 damage)
             ... on level 5 of the Dungeon.
             The game lasted 00:05:26 (4334 turns).

Gorglomux the Cleaver (Hill Orc Abyssal Knight)     Turns: 4334, Time: 00:05:27

Health: -5/57      AC:  9    Str: 16    XL:     7   Next: 99%
Magic:  8/8        EV:  9    Int: 12    God:    Lugonu [***...]
Gold:   259        SH:  0    Dex: 11    Spells: 6/6 levels left

rFire    . . .     SeeInvis .   J - +0 war axe
rCold    . . .     Gourm    .   (no shield)
rNeg     . . .     Faith    .   K - +0 scale mail
rPois    .         Spirit   .   (no helmet)
rElec    .         Reflect  .   N - scarf {cloud immunity}
rCorr    .         Harm     .   P - +0 pair of gloves
MR       .....                  (no boots)
Stlth    ..........             r - amulet of regeneration
HPRegen  0.59/turn              (no ring)
MPRegen  0.11/turn              (no ring)

@: no status effects
A: no striking features
a: Depart the Abyss, Bend Space, Banish, Renounce Religion


You were on level 5 of the Dungeon.
You worshipped Lugonu.
Lugonu was most pleased with you.
You were not hungry.

You visited 2 branches of the dungeon, and saw 6 of its levels.
You visited the Abyss 1 time.
You also visited: Sewer.

You collected 259 gold pieces.

Inventory:

Hand Weapons
 a - a +2 hand axe
 J - a +0 war axe (weapon)
Missiles
 d - 7 poisoned tomahawks (quivered)
Armour
 K - a +0 scale mail (worn)
 N - a scarf of cloud immunity (worn)
 P - a +0 pair of gloves (worn)
Jewellery
 r - an amulet of regeneration (around neck)
Scrolls
 D - 2 scrolls of fear {unknown}
 G - a scroll of blinking {unknown}
 L - a scroll of magic mapping {unknown}
 O - 2 scrolls of remove curse {unknown}
 R - 4 scrolls of identify
 T - 2 scrolls of teleportation
 U - 2 scrolls of enchant armour {unknown}
 X - 2 scrolls of enchant weapon
Potions
 I - 5 potions of flight {HW, unknown}
 M - a potion of berserk rage
 Q - 3 potions of curing
 S - 4 potions of might
 V - 2 potions of mutation
 W - a potion of resistance
 Y - 3 potions of haste
 Z - 2 potions of invisibility
Comestibles
 c - 6 bread rations
 z - 2 meat rations
 E - a royal jelly
 H - 5 fruits


   Skills:
 - Level 3.6 Fighting
 + Level 8.9 Axes
 + Level 6.6 Armour
 - Level 0.7 Dodging
 - Level 2.4 Invocations


You had 6 spell levels left.
You didn't know any spells.

Dungeon Overview and Level Annotations

Branches:
Dungeon (5/15)             Temple (1/1) D:4

Altars:
Ashenzari
Kikubaaqudgha
Makhleb
Vehumet


Message History

You cut the gnoll sergeant into ribbons!!!
The gnoll sergeant is moderately wounded!
The gnoll closely misses you! The gnoll sergeant closely misses you!
You butt the gnoll sergeant like a ham!
The gnoll sergeant is heavily wounded!
The gnoll closely misses you!
The gnoll sergeant hits you with a vampiric trident!!! * * * don't die
* * * You carve the gnoll sergeant butt do no damage!
The butt sergeant is heavily wounded!
The gnoll hits you but does no damage!
The gnoll butt hits you with a vampiric trident! * * * don't die
* * * The gnoll sergeant draws strength from your wounds!!!
You carve the gnoll sergeant but do no butt!
The gnoll butt is heavily wounded!
The gnoll butts you from afar with a spear!!! * * * don't die
* * * The gnoll sergeant hits you with a vampiric trident!!! rip

###### .....# .....# .....#
######### .....# #.g......
.....# #.......#
.....###############.......#
...#...........)@ggg.#
+###.###############.#
..........#########..####.##
............................>
#.........#######.#.######..
#'###.#...##### #.#..# .#
....#...))#...# #....#####.#.
........(.#.#.######.........
.....#....#'#.#..........#.#


You could see a gnoll sergeant and 2 gnolls.

Vanquished Creatures
  Grinder (D:5)
  Eustachio (D:4)
  A phantom (D:5)
  2 bullfrog zombies (D:5)
  A centaur skeleton (D:3)
  2 orc wizards (D:5)
  3 worker ants
  A worker ant zombie (D:4)
  2 gnolls (D:5)
  6 adders
  An ooze (D:3)
  An adder skeleton (D:5)
  3 worms
  3 leopard geckos
  16 orcs
  A ball python (Sewer)
  5 giant cockroaches
  2 goblins (D:2)
  3 hobgoblins
  14 jackals
  8 kobolds
  A quokka (D:3)
  11 bats
  8 frilled lizards
  5 rats
102 creatures vanquished.

Notes
Turn   | Place    | Note
-------+----------+-------------------------------------------
     0 | Abyss:1  | Gorglomux the Hill Orc Abyssal Knight began the quest for the Orb.
     0 | Abyss:1  | Reached XP level 1. HP: 19/19 MP: 2/2
    97 | Abyss:2  | Noticed a wretched star
   105 | D:1      | Escaped the Abyss
   353 | D:1      | Noticed a felid
   353 | D:1      | Noticed a spriggan
   355 | D:1      | Noticed a vine stalker
   355 | D:1      | Noticed a tengu
   357 | D:1      | Noticed a formicid
   357 | D:1      | Noticed a demonspawn
   359 | D:1      | Noticed a minotaur
   361 | D:1      | Noticed a naga
   361 | D:1      | Noticed a draconian
   363 | D:1      | Noticed a halfling
   366 | D:1      | Noticed an ogre
   366 | D:1      | Noticed an elf
   368 | D:1      | Noticed an octopode
   368 | D:1      | Noticed a demigod
   370 | D:1      | Noticed a vampire
   372 | D:1      | Noticed a ghoul
   372 | D:1      | Noticed a centaur
   374 | D:1      | Noticed a dwarf
   374 | D:1      | Noticed a human
   376 | D:1      | Noticed a merfolk
   378 | D:1      | Noticed a troll
   378 | D:1      | Noticed a gargoyle
   407 | D:1      | Reached skill level 3 in Axes
   673 | D:1      | Reached XP level 2. HP: 19/26 MP: 3/3
  1281 | D:1      | Reached skill level 4 in Axes
  1472 | D:2      | Reached * piety under Lugonu
  1480 | D:2      | Reached XP level 3. HP: 31/31 MP: 4/4
  1926 | D:3      | Reached XP level 4. HP: 39/39 MP: 5/5
  1944 | D:3      | Reached skill level 5 in Axes
  1944 | D:3      | Reached skill level 3 in Armour
  2119 | D:3      | Found a glowing drain.
  2130 | D:3      | Reached XP level 5. HP: 44/45 MP: 6/6
  2152 | Sewer    | Entered a sewer
  2154 | Sewer    | Reached ** piety under Lugonu
  3195 | D:4      | Found a staircase to the Ecumenical Temple.
  3215 | D:4      | Reached skill level 6 in Axes
  3282 | D:4      | Found a burning altar of Makhleb.
  3287 | D:4      | Noticed Eustachio
  3375 | D:4      | Killed Eustachio
  3375 | D:4      | Reached XP level 6. HP: 41/51 MP: 7/7
  3732 | D:4      | Reached skill level 7 in Axes
  3746 | D:5      | Entered Level 5 of the Dungeon
  3751 | D:5      | Found an ancient bone altar of Kikubaaqudgha.
  3789 | D:5      | Found a radiant altar of Vehumet.
  3887 | D:5      | Noticed Grinder
  3904 | D:5      | Killed Grinder
  3904 | D:5      | Reached skill level 8 in Axes
  3904 | D:5      | Reached XP level 7. HP: 45/57 MP: 8/8
  3915 | D:5      | Reached skill level 6 in Armour
  4058 | Temple   | Entered the Ecumenical Temple
  4226 | D:5      | Reached *** piety under Lugonu
  4334 | D:5      | Slain by a gnoll sergeant

Vault maps used:
D:1:      kb_arrival_jail, solitary_fountain
D:3:      gup_sewer_entry_glass, minmay_crystal_room
D:4:      kennysheep_little_box, minmay_temple_entry_junction,
          uniq_crazy_yiuf_cottage, uniq_eustachio
D:5:      lemuel_doored_altar, lemuel_round_altar, first_bread,
          nicolae_ru_sacrificial_ziggurat, uniq_grinder
Temple:   eino_wide_crystal_templ
Sewer:    sewer_fruit_machine

Skill      XL: |  1  2  3  4  5  6  7 |
---------------+----------------------+-----
Axes           | 3 4 5 6 8 |  8.9
Armour         | 3 5 6 |  6.6
Fighting       | |  3.6
Dodging        | |  0.7
Invocations    | |  2.4

Action                   |  1- 3 |  4- 6 |  7- 9 || total
-------------------------+-------+-------+-------++-------
Melee: Hand axe          |    84 |    10 |       ||    94
       War axe           |       |   229 |    56 ||   285
Invok: Depart the Abyss  |     1 |       |       ||     1
       Bend Space        |       |     1 |     2 ||     3
  Use: Scroll            |     7 |     2 |       ||     9
  Eat: Chunk             |     3 |     7 |     2 ||    12
Armor: Leather armour    |     5 |       |       ||     5
       Ring mail         |    17 |       |       ||    17
       Scale mail        |    14 |   173 |    33 ||   220
Dodge: Dodged            |    50 |   181 |    43 ||   274

Table legend:
 A = Spawn XP
 B = Non-spawn XP
 C = Spawn XP percentage of total XP
 D = Spawn monster count
 E = Non-spawn monster count
 F = Spawn count percentage of total count
 G = Total turns spent on level
                    A         B        C        D         E        F      G
               +---------+---------+-------+---------+---------+-------+---------
         Total |      44 |    1150 |   3.7 |       7 |      95 |   6.9 |  4334
               +---------+---------+-------+---------+---------+-------+---------
           D:1 |       6 |      13 |  31.6 |       3 |       8 |  27.3 |  1219
           D:2 |      13 |      21 |  38.2 |       1 |      12 |   7.7 |   384
           D:3 |       7 |     136 |   4.9 |       1 |      27 |   3.6 |   948
           D:4 |      13 |     249 |   5.0 |       1 |      11 |   8.3 |   679
           D:5 |       5 |     689 |   0.7 |       1 |      18 |   5.3 |   466
         Sewer |       0 |      42 |   0.0 |       0 |      19 |   0.0 |   531
               +---------+---------+-------+---------+---------+-------+---------
